 Dungeon Crawl Stone Soup version 0.20-a0-556-g892c87b (webtiles) character file.

1659 polly the Cleaver (level 8, -2/73 HPs)
             Began as a Minotaur Berserker on Feb 5, 2017.
             Was an Elder of Trog.
             Slain by an orc warrior
             ... wielding a +0 dire flail
              (23 damage)
             ... on level 6 of the Dungeon.
             The game lasted 00:04:27 (4360 turns).

polly the Cleaver (Minotaur Berserker)              Turns: 4360, Time: 00:04:27

Health: -2/73      AC: 11    Str: 24    XL:     8   Next: 68%
Magic:  7/7        EV:  9    Int:  4    God:    Trog [****..]
Gold:   381        SH:  0    Dex: 10    Spells: 7/7 levels left

rFire    . . .     SeeInvis .   a - +0 hand axe
rCold    . . .     Gourm    .   k - +0 chain mail
rNeg     . . .     Faith    .   (no shield)
rPois    .         Spirit   .   (helmet restricted)
rElec    .         Reflect  .   (no cloak)
rCorr    .         Harm     .   g - +0 pair of gloves
MR       .....                  (no boots)
Stlth    ..........             (no amulet)
Regen    0.3/turn               (no ring)
                                (no ring)

@: no status effects
A: retaliatory headbutt, horns 2
a: Berserk, Trog's Hand, Brothers in Arms, Burn Spellbooks, Renounce Religion


You were on level 6 of the Dungeon.
You worshipped Trog.
Trog was greatly pleased with you.
You were hungry.

You visited 1 branch of the dungeon, and saw 6 of its levels.

You collected 381 gold pieces.

Inventory:

Hand Weapons
 a - a +0 hand axe (weapon)
Armour
 g - a +0 pair of gloves (worn)
 k - a +0 chain mail (worn)
Jewellery
 u - an uncursed ring of protection from cold {unknown}
 C - an uncursed ring of poison resistance {unknown}
Wands
 D - a wand of paralysis (17/24)
Scrolls
 d - 5 scrolls of remove curse {unknown}
 e - 2 scrolls of enchant weapon {unknown}
 l - 2 scrolls of fear {unknown}
 o - 11 scrolls of identify {unknown}
 s - 2 scrolls of blinking {unknown}
 t - 2 scrolls of immolation {unknown}
 v - 2 scrolls of magic mapping {unknown}
 y - 2 scrolls of random uselessness {unknown}
 A - a scroll of enchant armour {unknown}
 B - a scroll of amnesia {unknown}
Potions
 b - 3 potions of flight {unknown}
 h - a potion of beneficial mutation {unknown}
 j - 2 potions of agility {unknown}
 n - a potion of magic {unknown}
 p - a potion of brilliance {unknown}
 q - 4 potions of heal wounds {unknown}
 r - 6 potions of curing {unknown}
 w - a potion of degeneration {unknown}
 z - a potion of might {unknown}
Books
 x - a book of Cantrips

   Spells                             Type                      Level
   a - Confusing Touch                Hexes                        1
   b - Animate Skeleton               Necromancy                   1
   c - Summon Small Mammal            Summoning                    1
   d - Apportation                    Translocation                1
   Trog disapproves of the use of such an item.
Comestibles
 c - 6 bread rations
 f - 3 royal jellies
 i - 4 meat rations
 m - 8 fruits


   Skills:
 + Level 7.3 Fighting
 + Level 10.1 Axes
 + Level 6.4 Armour
 + Level 3.2 Dodging
 + Level 0.6 Stealth


You had 7 spell levels left.
You didn't know any spells.

Dungeon Overview and Level Annotations

Branches:
Dungeon (6/15)
 Temple: D:4-7

Altars:
Yredelemnul


Innate Abilities, Weirdness & Mutations

You reflexively headbutt those who attack you in melee.
You have a pair of horns on your head.


Message History

You are too injured to fight recklessly!
You are too injured to fight recklessly!
You are too injured to fight recklessly!
You are too injured to fight recklessly!
You are too injured to fight recklessly!
You are too injured to fight recklessly!
You are too injured to fight recklessly!
You are too injured to fight recklessly!
You are too injured to fight recklessly!
You are too injured to fight recklessly!
The orc warrior hits you with a dire flail.
You hit the orc warrior but do no damage.
Your headbutt misses the orc warrior.
The orc warrior is heavily wounded.
The orc warrior hits you with a dire flail!
* * * LOW HITPOINT WARNING * * *
You hit the orc warrior but do no damage.
The orc warrior is heavily wounded.
The orc warrior hits you with a dire flail!!
You die...

#.# #. #.# ###+#.#
#( .)# #.....# #.
..# #.....# #. ..#
#.....# #. .#
#.....# #. #.....#
#. #.....# #####
#.o@).# #....#
#...).#.#######....#
###'#.#..........).#
#.#.#............#
#.# #............#
#.# ............#
#.# ............#
#.# .#######....#
#.# .#######....#


You could see an orc warrior.

Vanquished Creatures
  Prince Ribbit (D:5)
  Sigmund (D:2)
  A phantom (D:5)
  The ghost of Shayle the Poker, an amateur HuMo (D:3)
  4 ogres (D:4)
  A centaur (D:5)
  A gnoll sergeant (D:6)
  2 crimson imps (D:5)
  2 hounds
  A jelly (D:6)
  3 orc wizards
  3 orc priests
  A bullfrog skeleton (D:5)
  Terence (D:2)
  A worker ant (D:5)
  A killer bee zombie (D:4)
  A hound skeleton (D:5)
  3 adders
  9 gnolls
  2 shadow imps (D:5)
  An adder skeleton (D:5)
  A worm (D:3)
  A dart slug (D:1)
  3 leopard geckos
  17 orcs
  6 bats
  6 giant cockroaches
  10 goblins
  6 hobgoblins
  4 jackals (D:6)
  A quokka (D:3)
  6 frilled lizards
  A giant cockroach zombie (D:6)
  6 kobolds
  A quokka skeleton (D:4)
  4 rats
114 creatures vanquished.

Notes
Turn   | Place    | Note
-------+----------+-------------------------------------------
     0 | D:1      | polly the Minotaur Berserker began the quest for the Orb.
     0 | D:1      | Reached XP level 1. HP: 19/19 MP: 0/0
   224 | D:1      | Reached XP level 2. HP: 19/27 MP: 1/1
   306 | D:1      | Reached skill level 4 in Axes
   747 | D:2      | Reached XP level 3. HP: 32/33 MP: 2/2
   762 | D:2      | Noticed Sigmund
   776 | D:2      | Killed Sigmund
   776 | D:2      | Reached ** piety under Trog
   776 | D:2      | Reached skill level 5 in Axes
   776 | D:2      | Reached XP level 4. HP: 15/41 MP: 3/3
   776 | D:2      | Reached XP level 5. HP: 17/47 MP: 4/4
   918 | D:2      | Reached skill level 5 in Fighting
  1136 | D:2      | Noticed Terence
  1150 | D:2      | Killed Terence
  1150 | D:2      | Reached skill level 6 in Axes
  1702 | D:3      | Noticed Shayle's ghost (amateur HuMo)
  1724 | D:3      | Killed Shayle's ghost
  1724 | D:3      | Reached XP level 6. HP: 30/56 MP: 5/5
  2170 | D:3      | Reached *** piety under Trog
  2396 | D:4      | Reached skill level 7 in Axes
  2419 | D:4      | Reached XP level 7. HP: 35/61 MP: 6/6
  2614 | D:4      | Reached skill level 8 in Axes
  2915 | D:5      | Entered Level 5 of the Dungeon
  2933 | D:5      | Reached skill level 5 in Armour
  3178 | D:5      | Reached XP level 8. HP: 38/70 MP: 7/7
  3184 | D:5      | Reached skill level 9 in Axes
  3737 | D:5      | Reached **** piety under Trog
  3809 | D:5      | Noticed Prince Ribbit
  3819 | D:5      | Killed Prince Ribbit
  3966 | D:6      | Found a basalt altar of Yredelemnul.
  4005 | D:6      | Reached skill level 10 in Axes
  4360 | D:6      | Slain by an orc warrior

Vault maps used:
D:1:      erik_arrival_blinker_ship, eino_curves_01, item_on_display_a
D:2:      first_bread, uniq_terence, uniq_sigmund
D:3:      minmay_diamond_boxcup
D:4:      minmay_ruptured
D:5:      uniq_prince_ribbit1
D:6:      basic_altar, corexii_leaking_fountain

Skill      XL: |  1  2  3  4  5  6  7  8 |
---------------+-------------------------+-----
Fighting       | 4 5 6 7 |  7.3
Axes           | 4 5 6 7 8 10 | 10.1
Armour         | 3 4 5 6 |  6.4
Dodging        | 3 |  3.2
Stealth        | |  0.6

Action                   |  1- 3 |  4- 6 |  7- 9 || total
-------------------------+-------+-------+-------++-------
Melee: Hand axe          |    52 |   111 |   185 ||   348
       Headbutt          |     6 |    23 |    36 ||    65
Invok: Berserk           |     1 |       |       ||     1
  Eat: Chunk             |       |     5 |     6 ||    11
Armor: Chain mail        |    23 |    50 |   107 ||   180
       Animal skin       |     2 |       |       ||     2
Dodge: Dodged            |    19 |    41 |    82 ||   142
